 Dungeon Crawl Stone Soup version 0.31.0-11-ge490571c62 (webtiles) character file.

Game seed: 5150895418611842273

121 qw the Skirmisher (level 4, -1/25 HPs)
             Began as a Deep Elf Hunter on Feb 5, 2024.
             Slain by Duvessa
             ... wielding a +0 short sword of freezing
              (5 damage)
             ... on level 4 of the Dungeon.
             The game lasted 00:00:07 (1834 turns).

qw the Skirmisher (Deep Elf Hunter)                 Turns: 1834, Time: 00:00:08

Health: -1/25      AC:  8    Str: 10      XL:     4   Next: 76%
Magic:  6/6        EV: 12    Int: 13 (14) God:
Gold:   131        SH:  0    Dex: 16 (18) Spells: 3/3 levels left

rFire   . . .        a - +1 shortbow
rCold   . . .        (shield currently unavailable)
rNeg    + . .        c - +0 leather armour
rPois   .            (no helmet)
rElec   .            (no cloak)
rCorr   .            (no gloves)
SInv    .            e - +0 pair of boots
Will    .....        (no amulet)
Stlth   ++           g - ring of positive energy
HPRegen 0.24/turn    j - +4 ring of protection
MPRegen 0.10/turn

%: no passive effects
@: no status effects
A: no striking features
a: no special abilities


You were on level 4 of the Dungeon.
You visited 1 branch of the dungeon, and saw 4 of its levels.

You collected 131 gold pieces.


   Skills:
 - Level 1.5 Fighting
 + Level 8.2 Ranged Weapons
 - Level 2.4 Dodging
 - Level 1.2 Stealth


You had 3 spell levels left.
You didn't know any spells.
Your spell library was empty.

Inventory:

Hand Weapons
 a - a +1 shortbow (weapon)
Armour
 c - a +0 leather armour (worn)
 e - a +0 pair of boots (worn)
Jewellery
 g - a ring of positive energy (left hand)
 j - a +4 ring of protection (right hand)
Scrolls
 b - a scroll of identify
Potions
 d - a potion of might
 f - 3 potions of curing
 h - a potion of haste {unknown}
 i - a potion of mutation {unknown}
 m - a potion of enlightenment {unknown}

Dungeon Overview and Level Annotations

Branches:
Dungeon (4/15)
 Temple: D:4-7

Altars:
Ashenzari
Cheibriados
Kikubaaqudgha
Makhleb
Ru
Trog
Uskayaw

Shops:
D:2 =

Annotations:
D:3 2 runed translucent doors, qw's ghost, amateur DEHu
D:4 4 runed translucent doors, Dowan; Duvessa


Message History

The puff of flame hits Duvessa but does no damage.
Duvessa is heavily wounded.
1828 ||| ZAPPING wand of flame (4) at -1,0 (Duvessa; floor).
Aiming: Throw Flame
Press: ? - help, Q - select action, (/) - cycle Shift-Dir - straight line, f/p - Duvessa The puff of flame hits Duvessa but does no damage.
Duvessa is heavily wounded.
1829 ||| ZAPPING wand of flame (3) at 0,1 (Duvessa; floor).
Aiming: Throw Flame
Press: ? - help, Q - select action, (/) - cycle Shift-Dir - straight line, f/p - Duvessa The puff of flame hits Duvessa but does no damage.
Duvessa is heavily wounded.
Dowan says, "There's a certain beauty in death, don't you think?"
Duvessa closely misses you.
1830 ||| ZAPPING wand of flame (2) at 0,1 (Duvessa; floor).
Aiming: Throw Flame
Press: ? - help, Q - select action, (/) - cycle Shift-Dir - straight line, f/p - Duvessa The puff of flame hits Duvessa.
Duvessa is severely wounded.
Duvessa barely misses you.
1831 ||| ZAPPING wand of flame (1) at 0,1 (Duvessa; floor).
Aiming: Throw Flame
Press: ? - help, Q - select action, (/) - cycle Shift-Dir - straight line, f/p - Duvessa The puff of flame hits Duvessa but does no damage.
Duvessa is severely wounded.
The now-empty wand crumbles to dust.
Duvessa hits you with a +0 short sword of freezing!
Duvessa freezes you.
You shoot an arrow.
The arrow hits Duvessa but does no damage.
Duvessa is severely wounded.
Duvessa barely misses you.
You shoot an arrow. The arrow barely misses Duvessa.
Duvessa closely misses you.
You shoot an arrow. The arrow closely misses Duvessa.
Dowan hits you with a +0 dagger.
Duvessa hits you with a +0 short sword of freezing.
Duvessa freezes you. Dowan hits you but does no damage.
Duvessa hits you with a +0 short sword of freezing.
You die...

####....#.#
..##......##.#.#
#..#.......#...#
##.... #....##
...... #...##
...^..####.########.
.?.........%........
.......###.##.......
......e@##..........
....##.e............
. ##....#........
###>.#........
#..#........
#..#........
#..#......##
#..######.# #..# .#


You could see Duvessa and Dowan.

Vanquished Creatures
  A hound (D:4)
  A jelly (D:4)
  An adder (D:3)
  2 dart slugs (D:1)
  A ribbon worm (D:4)
  3 ball pythons
  6 endoplasms
  5 giant cockroaches
  3 goblins
  3 hobgoblins
  6 kobolds
  2 quokkas (D:3)
  4 bats (D:1)
  4 frilled lizards
  3 rats (D:1)
45 creatures vanquished.

Notes
Turn   | Place    | Note
-------+----------+-------------------------------------------
     0 | D:1      | qw the Deep Elf Hunter began the quest for the Orb.
     0 | D:1      | Reached XP level 1. HP: 12/12 MP: 3/3
     0 | D:1      | 0 ||| qw: Version: 0.3-a-160-g6735b56
     0 | D:1      | 0 ||| qw: Game counter: 6135
     0 | D:1      | 0 ||| qw: Melee chars always use a shield: true
     0 | D:1      | 0 ||| qw: God list: Okawaru
     0 | D:1      | 0 ||| qw: Allow faded altars: false
     0 | D:1      | 0 ||| qw: Do Orc after clearing Dungeon:15 true
     0 | D:1      | 0 ||| qw: Do second Lair branch before Depths: true
     0 | D:1      | 0 ||| qw: Lair rune preference: random
     0 | D:1      | 0 ||| qw: Goals: Normal
     0 | D:1      | 0 ||| PLANNING D:1-11
    70 | D:1      | Reached XP level 2. HP: 16/16 MP: 4/4
    98 | D:1      | Reached skill level 6 in Ranged Weapons
   371 | D:1      | Reached XP level 3. HP: 20/20 MP: 5/5
   451 | D:1      | 451 ||| UPGRADING to +0 pair of boots.
   456 | D:1      | 456 ||| UPGRADING to ring of positive energy.
   457 | D:1      | 457 ||| UPGRADING to +4 ring of protection.
   458 | D:1      | 458 ||| READING scroll labelled CIAF HEUKE.
   459 | D:1      | 459 ||| READING scroll labelled NISHUFITWAU.
   493 | D:1      | 493 ||| DRINKING 2 grey potions.
   494 | D:1      | 494 ||| DROPPING scroll of butterflies.
   593 | D:2      | Found Zahies's Jewellery Shop.
   601 | D:2      | 601 ||| SHOPLISTING amulet of faith (400 gold, have 61).
   601 | D:2      | 601 ||| SHOPLISTING amulet of reflection (300 gold, have
                  | 61).
   601 | D:2      | 601 ||| SHOPLISTING amulet of regeneration (300 gold, have
                  | 61).
   601 | D:2      | 601 ||| SHOPLISTING ring of resist corrosion (200 gold,
                  | have 61).
   601 | D:2      | 601 ||| SHOPLISTING ring of willpower (250 gold, have 61).
   949 | D:3      | Reached skill level 7 in Ranged Weapons
  1078 | D:3      | Found a burning altar of Makhleb.
  1078 | D:3      | Found an ancient bone altar of Kikubaaqudgha.
  1085 | D:3      | Found a broken altar of Ashenzari.
  1087 | D:3      | Found a hide-covered altar of Uskayaw.
  1089 | D:3      | Found a snail-covered altar of Cheibriados.
  1142 | D:3      | Found a sacrificial altar of Ru.
  1260 | D:3      | Identified the +8 rapier of Disharmony {freeze, rCorr}
  1273 | D:3      | Found a faded altar of an unknown god.
  1283 | D:3      | Found a runed translucent door.
  1288 | D:3      | Noticed qw's ghost (amateur DEHu)
  1289 | D:3      | Noticed a bullfrog
  1317 | D:3      | Found a bloodstained altar of Trog.
  1524 | D:3      | Found a runed translucent door.
  1637 | D:3      | 1637 ||| READING scroll labelled RYASTE WATZUE.
  1637 | D:3      | 1637 ||| IDENTIFYING bubbling grey potion
  1638 | D:3      | 1638 ||| READING scroll labelled WARYIR PUUC.
  1638 | D:3      | 1638 ||| ENCHANTING +0 shortbow.
  1639 | D:3      | 1639 ||| READING scroll labelled ACWICA LUBOAWNE.
  1662 | D:3      | 1662 ||| DRINKING 2 bubbling sapphire potions.
  1663 | D:3      | 1663 ||| DRINKING 3 clear potions.
  1664 | D:3      | 1664 ||| DROPPING potion of brilliance.
  1665 | D:3      | 1665 ||| DROPPING 2 potions of degeneration.
  1752 | D:4      | Found a large runed translucent door.
  1752 | D:4      | Found a large runed translucent door.
  1755 | D:4      | Noticed a yak
  1766 | D:4      | Reached XP level 4. HP: 25/25 MP: 6/6
  1769 | D:4      | Found a large runed translucent door.
  1769 | D:4      | Found a large runed translucent door.
  1796 | D:4      | Reached skill level 8 in Ranged Weapons
  1821 | D:4      | Noticed Duvessa
  1822 | D:4      | 1822 ||| ZAPPING wand of flame (10) at -7,1 (Duvessa;
                  | floor).
  1823 | D:4      | 1823 ||| ZAPPING wand of flame (9) at -6,0 (Duvessa;
                  | floor).
  1823 | D:4      | Noticed Dowan
  1824 | D:4      | 1824 ||| ZAPPING wand of flame (8) at -5,0 (Duvessa;
                  | floor).
  1825 | D:4      | 1825 ||| ZAPPING wand of flame (7) at -4,0 (Duvessa;
                  | floor).
  1826 | D:4      | 1826 ||| ZAPPING wand of flame (6) at -3,0 (Duvessa;
                  | floor).
  1827 | D:4      | 1827 ||| ZAPPING wand of flame (5) at -2,0 (Duvessa;
                  | floor).
  1828 | D:4      | 1828 ||| ZAPPING wand of flame (4) at -1,0 (Duvessa;
                  | floor).
  1829 | D:4      | 1829 ||| ZAPPING wand of flame (3) at 0,1 (Duvessa; floor).
  1830 | D:4      | 1830 ||| ZAPPING wand of flame (2) at 0,1 (Duvessa; floor).
  1831 | D:4      | 1831 ||| ZAPPING wand of flame (1) at 0,1 (Duvessa; floor).
  1834 | D:4      | HP: 5/25 [Duvessa/+0 short sword of freezing (5)]
  1834 | D:4      | Slain by Duvessa

Levels and vault maps discovered:
D:1:      psy_arrival_statuary, layout_basic, minivault_27, minmay_misc_feat_iff
D:2:      layout_basic, serial_shops, nicolae_shop_gibbet_a_chance
D:3:      layout_loops_cross, nicolae_ru_awakened_eye,
          chequers_temple_overflow_minitemple,
          mainiacjoe_overflow_cross_hatched, ebering_ghost_sewer_f,
          chequers_ecumenical_altar_twisty, dreamdust_princess_bridge
D:4:      minmay_wonky_spiral, layout_basic, mainiacjoe_overflow_alcove_2,
          grunt_ministairs_7, minmay_hollow_rounded_squares, uniq_blork_the_orc,
          uniq_duvessa, uniq_ijyb

Skill      XL: |  1  2  3  4 |
---------------+-------------+-----
Ranged Weapons | 6 7 8 |  8.2
Fighting       | |  1.5
Dodging        | |  2.4
Stealth        | |  1.2

Action                     |  1- 3 |  4- 6 || total
---------------------------+-------+-------++-------
   Fire: Shortbow          |   121 |    17 ||   138
  Evoke: Wand              |       |    10 ||    10
    Use: Scroll            |     5 |       ||     5
         Potion            |     3 |       ||     3
 Armour: Leather armour    |    16 |    15 ||    31
  Dodge: Dodged            |    20 |     7 ||    27

Table legend:
 A = Non-vault XP
 B = Vault XP
 C = Vault XP percentage of total XP
 D = Non-vault monster count
 E = Vault monster count
 F = Vault count percentage of total count
                 A         B        C        D         E       F
            +---------+---------+-------+---------+---------+-------
      Total |     173 |       0 |   0.0 |      45 |       0 |   0.0
            +---------+---------+-------+---------+---------+-------
        D:1 |      41 |       0 |   0.0 |      23 |       0 |   0.0
        D:2 |      11 |       0 |   0.0 |       7 |       0 |   0.0
        D:3 |      27 |       0 |   0.0 |       9 |       0 |   0.0
        D:4 |      94 |       0 |   0.0 |       6 |       0 |   0.0
            +---------+---------+-------+---------+---------+-------
